 Dungeon Crawl Stone Soup version 0.29-a0-577-gafbf2c5d25 (webtiles) character file.

Game seed: 16134207454292631935

45735 inmateoo the Grappler (level 14, -1/138 HPs)
             Began as a Troll Transmuter on June 13, 2022.
             Was the Champion of Cheibriados.
             Splashed by a brown ugly thing (illusionary)'s acid (4 damage)
             ... on level 15 of the Dungeon.
             The game lasted 00:19:36 (13271 turns).

inmateoo the Grappler (Troll Transmuter)           Turns: 13271, Time: 00:19:37

Health: -1/138     AC: -2    Str: 40    XL:     14   Next: 2%
Magic:  19/19      EV: 14    Int: 24    God:    Cheibriados [******]
Gold:   1246       SH: 20    Dex: 25    Spells: 11/21 levels left

rFire   . . .      SeeInvis +     - Unarmed
rCold   . . .      Faith    .   M - +0 tower shield
rNeg    . . .      Spirit   .   s - +0 acid dragon scales
rPois   +          Reflect  .   D - +0 hat
rElec   .          Harm     .   G - +1 cloak "Teggeol" {rPois SInv}
rCorr   +          Rampage  .   (gloves unavailable)
Will    ++...                   (boots unavailable)
Stlth   ++........              (no amulet)
HPRegen 1.13/turn               c - ring of the Octopus King {HP+2 AC+2 EV+2 SH+2 SInv}
MPRegen 0.16/turn               H - ring of willpower

@: wereblooded, corroded, studying Staves, very slow
A: large, unfitting armour, claws 3, regeneration 1, shaggy fur 1, tough skin 1
a: Renounce Religion, Bend Time, Temporal Distortion, Slouch, Step From Time


You were on level 15 of the Dungeon.
You worshipped Cheibriados.
Cheibriados was exalted by your worship.
You visited 2 branches of the dungeon, and saw 16 of its levels.
You also visited: Ossuary and Gauntlet.

You collected 1272 gold pieces.
You spent 26 gold pieces at shops.

Inventory:

Missiles
 F - 2 curare-tipped darts (quivered)
Armour
 a - a +1 cloak of poison resistance
 s - +0 acid dragon scales (worn)
 A - +0 steam dragon scales
 D - a +0 hat (worn)
 G - the +1 cloak "Teggeol" (worn) {rPois SInv}
   (You found it in a Gauntlet)

   rPois:     It protects you from poison.
   SInv:      It lets you see invisible.
 M - a +0 tower shield (worn)
Jewellery
 c - a ring of the Octopus King (left claw) {HP+2 AC+2 EV+2 SH+2 SInv}
   (You found it in a Gauntlet)

   [ring of see invisible]

   AC:        It affects your AC (+2).
   EV:        It affects your evasion (+2).
   HP:        It affects your health (+2).
   SInv:      It lets you see invisible.
   SH:        It affects your SH (+2).
 h - a +4 ring of protection
 r - a ring of wizardry
 H - a ring of willpower (right claw)
 I - a ring of flight
 L - an amulet of the acrobat
Wands
 i - a wand of flame (5)
 l - a wand of digging (6)
 m - a wand of polymorph (25)
 p - a wand of charming (13)
 u - a wand of paralysis (7)
 x - a wand of acid (3)
 J - a wand of mindburst (6)
Scrolls
 e - 5 scrolls of fear
 f - 2 scrolls of teleportation
 o - 2 scrolls of enchant armour
 q - a scroll of fog
 B - a scroll of amnesia
 C - 3 scrolls of identify
 K - 2 scrolls of silence
Potions
 b - a potion of lignification
 d - 3 potions of cancellation
 g - 6 potions of mutation
 j - 13 potions of curing
 k - 3 potions of attraction
 n - 4 potions of magic
 t - 5 potions of heal wounds
 v - a potion of invisibility
 w - 4 potions of might
 z - 4 potions of ambrosia


   Skills:
 + Level 8.2 Fighting
 + Level 3.6 Armour
 + Level 6.3 Dodging
 + Level 8.3 Shields
 + Level 12.2 Unarmed Combat
 + Level 4.2 Spellcasting
 + Level 8.2 Transmutations
 + Level 1.9 Earth Magic
 - Level 8.0 Invocations


You had 11 spell levels left.
You knew the following spells:

 Your Spells              Type           Power      Damage    Failure   Level
a - Beastly Appendage     Tmut           88%        N/A       1%          1
b - Wereblood             Tmut           44%        N/A       2%          2
c - Blade Hands           Tmut           22%        N/A       43%         5
d - Passwall              Tmut/Erth      24%        N/A       10%         2

Your spell library contained the following spells:

 Spells                   Type           Power      Damage    Failure   Level
 Spider Form              Tmut/Pois      24%        N/A       28%         3
 Apportation              Tloc           10%        N/A       45%         1
 Magic Dart               Conj           20%        1d4       45%         1
 Necrotize                Necr           20%        1d5       45%         1
 Slow                     Hex            20%        N/A       45%         1
 Summon Small Mammal      Summ           20%        N/A       45%         1
 Petrify                  Tmut/Erth      29%        N/A       54%         4
 Ensorcelled Hibernation  Hex/Ice        10%        N/A       61%         2
 Searing Ray              Conj           10%        2d4       61%         2
 Sublimation of Blood     Necr           5%         N/A       61%         2
 Ice Form                 Ice/Tmut       24%        N/A       67%         4
 Confusing Touch          Hex            5%         N/A       83%         3
 Gell's Gravitas          Tloc           5%         N/A       83%         3
 Lesser Beckoning         Tloc           5%         N/A       83%         3
 Portal Projectile        Hex/Tloc       10%        N/A       83%         3
 Swiftness                Air            5%         N/A       83%         3
 Teleport Other           Tloc           5%         N/A       83%         3
 Tukima's Dance           Hex            5%         N/A       83%         3
 Vampiric Draining        Necr           5%         2d6       83%         3
 Irradiate                Conj/Tmut      12%        3d17      95%         5
 Yara's Violent Unravell  Hex/Tmut       12%        3d7       95%         5
 Fulminant Prism          Conj/Hex       2%         3d6       99%         4
 Agony                    Necr           5%         N/A       100%        5
 Enfeeble                 Hex            2%         N/A       100%        7


Dungeon Overview and Level Annotations

Branches:
Dungeon (15/15)            Temple (1/1) D:6            Lair (0/6) D:10
    Orc (0/2) D:9          Vaults (0/5) D:13        Ossuary (visited)
Gauntlet (visited)
 Depths: D:15

Altars:
Ashenzari
Cheibriados
Dithmenos
Elyvilon
Fedhas
Gozag
Hepliaklqana
Kikubaaqudgha
Nemelex Xobeh
Okawaru
Qazlal
Ru
Sif Muna
Trog
Uskayaw
Vehumet
Wu Jian
Xom
Yredelemnul
The Shining One

Shops:
D:5 ?*   D:9 (   D:11 (   D:13 (   D:14 (

Portals:
Abyss: D:15

Annotations:
D:15 2 transporters


Innate Abilities, Weirdness & Mutations

You are too large for most types of armour.
You have claws for hands.
Your natural rate of healing is unusually fast.
You are covered in fur. (AC +1)
You have tough skin. (AC +1)


Message History

You are splashed with acid.
You resist.
You barely miss the rakshasa. You headbutt the rakshasa.
The rakshasa is moderately wounded.
The rakshasa closely misses you. The brown ugly thing claws you.
The acid corrodes you!
You are splashed with acid.
You resist.
You closely miss the rakshasa. You claw the rakshasa.
You headbutt the rakshasa!
The rakshasa is heavily wounded.
The injured rakshasa weaves a defensive illusion!
You block the rakshasa's attack.
You block the brown ugly thing's attack.
You scratch the rakshasa. You claw the rakshasa.
Your headbutt misses the rakshasa.
The rakshasa is heavily wounded.
The rakshasa gestures at you. You block the lance of force.
The rakshasa blinks!
You block the rakshasa's attack. The brown ugly thing barely misses you.
The rakshasa barely misses you. The rakshasa gestures at you.
The lance of force hits you!!
You are knocked back by the lance of force.
You slam into the rock wall!
* * * LOW HITPOINT WARNING * * *
You mangle the rakshasa!! Your kick misses the rakshasa.
The rakshasa is almost dead.
The brown ugly thing closely misses you.
The rakshasa hits you with a +0 whip!!
* * * LOW HITPOINT WARNING * * *
You block the rakshasa's attack.
Blink to where?
Press: ? - help, Dir - move target, p - rakshasa
As you read the scroll of blinking, it crumbles to dust.
You howl as the wereblood boils in your veins!
The rakshasa blinks!
You fail to use your ability.
Your horns disappear.
Your talons disappear.
Your +0 hat unmelds from your body.
The brown ugly thing claws you.
* * * LOW HITPOINT WARNING * * *
The acid corrodes you!
You are splashed with acid.
You resist.
You die...

#..#.....#..## ##.
#..#.....#.##
#..[.##...#..###.#
...Ru.'...##.....#
#....###..##....##
##. ##.#........#
##.##†##.#...#
###.R##.##.#...#
#...@uR.R..#...#
#######§#..#...#
#.####(..# #.#
##### ###


You could see a brown ugly thing and 3 rakshasas.

Vanquished Creatures
  Gastronok (D:10)
  Agnes (D:14)
  Louise (D:14)
  A minotaur (Gauntlet)
  Josephine (D:11)
  2 hydras
  A boulder beetle (D:14)
  A hell beast (Gauntlet)
  4 vault guards (D:13)
  A two-headed ogre (D:15)
  3 centaur warriors (D:13)
  An orc knight (D:15)
  3 deep elf pyromancers
  A salamander (shapeshifter) (D:12)
  29 ugly things
  7 cyclopes
  A manticore (D:14)
  A black mamba (shapeshifter) (D:15)
  2 gargoyles (D:13)
  4 komodo dragons
  An efreet (D:12)
  A kobold demonologist (D:12)
  3 trolls
  Grinder (D:6)
  4 hornets (D:8)
  3 slime creatures (D:14)
  Sigmund (D:5)
  2 centaur simulacra (Gauntlet)
  6 wraiths
  Eustachio (D:4)
  A vampire (D:13)
  11 yaks
  A hog (shapeshifter) (D:15)
  10 vampire mosquitoes
  2 basilisks
  2 steam dragons (D:7)
  Grum (D:11)
  Menkaure (D:6)
  3 swamp worms (Gauntlet)
  4 acid dragons
  2 hell hounds (Gauntlet)
  Duvessa (D:4)
  A water moccasin (D:8)
  An ice beast (D:6)
  5 orc warriors
  3 sky beasts (D:7)
  5 black bears
  2 ogres
  2 wolves (D:11)
  15 centaurs
  A phantom (D:6)
  2 kobold brigands (D:10)
  3 bullfrogs
  2 elf zombies (Ossuary)
  2 gnoll sergeants
  5 scorpions
  A cane toad simulacrum (Gauntlet)
  8 wights (D:7)
  19 killer bees
  Dowan (D:4)
  7 howler monkeys
  3 human zombies (Ossuary)
  3 orc priests
  Crazy Yiuf (D:4)
  4 hounds
  A jelly (D:6)
  A gnoll shaman (D:7)
  A hell rat (D:8)
  Natasha (thrice) (D:4)
  11 orc wizards
  3 mummies
  34 gnolls
  8 river rats (D:8)
  9 adders
  A shadow imp (D:8)
  2 worms
  2 dart slugs (D:2)
  37 orcs
  2 bats
  6 endoplasms
  3 giant cockroaches
  4 goblins
  8 hobgoblins
  8 jackals
  13 quokkas
  5 ball pythons
  7 frilled lizards
  15 hobgoblin zombies (Ossuary)
  2 jackal zombies (Ossuary)
  57 kobolds
  4 kobold zombies (Ossuary)
  8 orc zombies (Ossuary)
  24 rats
  3 rat zombies (Ossuary)
506 creatures vanquished.

Vanquished Creatures (others)
  3 fungi (D:10)
  2 plants (D:10)
5 creatures vanquished.

Grand Total: 511 creatures vanquished

Notes
Turn   | Place    | Note
-------+----------+-------------------------------------------
     0 | D:1      | inmateoo the Troll Transmuter began the quest for the Orb.
     0 | D:1      | Reached XP level 1. HP: 18/18 MP: 1/1
   156 | D:1      | Reached skill level 1 in Fighting
   291 | D:1      | Reached XP level 2. HP: 27/27 MP: 2/2
   752 | D:1      | Reached XP level 3. HP: 19/33 MP: 3/3
   783 | D:1      | Reached skill level 4 in Unarmed Combat
   940 | D:2      | Reached XP level 4. HP: 40/42 MP: 4/4
  1323 | D:2      | Found a faded altar of an unknown god.
  1336 | D:2      | Learned a level 2 spell: Wereblood
  1489 | D:3      | Reached XP level 5. HP: 49/49 MP: 4/6
  1808 | D:4      | You fall into a shaft and drop 2 floors!
  1842 | D:6      | Reached skill level 5 in Unarmed Combat
  1915 | D:6      | Noticed Grinder
  1920 | D:6      | Killed Grinder
  1921 | D:6      | Reached XP level 6. HP: 59/59 MP: 7/7
  1966 | D:6      | Reached XP level 7. HP: 66/66 MP: 8/8
  2049 | D:6      | Found a staircase to the Ecumenical Temple.
  2067 | D:6      | Noticed Menkaure
  2076 | D:6      | Killed Menkaure
  2077 | D:6      | Reached skill level 6 in Unarmed Combat
  2107 | Temple   | Entered the Ecumenical Temple
  2116 | Temple   | Became a worshipper of Cheibriados the Contemplative
  2304 | D:6      | Reached XP level 8. HP: 75/75 MP: 10/10
  2325 | D:6      | Found a shadowy altar of Dithmenos.
  2382 | D:6      | Reached skill level 7 in Unarmed Combat
  2670 | D:5      | Entered Level 5 of the Dungeon
  2704 | D:5      | Found a sand-covered staircase.
  2714 | Ossuary  | Entered an ossuary
  2730 | Ossuary  | Reached * piety under Cheibriados
  2903 | Ossuary  | Reached skill level 1 in Invocations
  3029 | D:5      | Reached ** piety under Cheibriados
  3095 | D:5      | Found a bloodstained altar of Trog.
  3099 | D:5      | Found a white marble altar of Elyvilon.
  3099 | D:5      | Found a sacrificial altar of Ru.
  3100 | D:5      | Found a shimmering blue altar of Sif Muna.
  3102 | D:5      | Found an iron altar of Okawaru.
  3226 | D:5      | Found Ucyham's General Store.
  3229 | D:5      | Bought a scroll of identify for 26 gold pieces
  3247 | D:5      | Reached skill level 8 in Unarmed Combat
  3305 | D:5      | Found Dionike's Magic Scroll Shoppe.
  3386 | D:5      | Reached XP level 9. HP: 75/84 MP: 12/12
  3565 | D:5      | Reached *** piety under Cheibriados
  3679 | D:5      | Noticed Sigmund
  3686 | D:5      | Killed Sigmund
  3733 | D:5      | Reached **** piety under Cheibriados
  3974 | D:4      | Noticed Eustachio
  4001 | D:4      | Killed Eustachio
  4107 | D:4      | Noticed Natasha
  4115 | D:4      | Killed Natasha
  4170 | D:4      | Noticed Duvessa
  4170 | D:4      | Noticed Dowan
  4176 | D:4      | Killed Duvessa
  4185 | D:4      | Killed Dowan
  4238 | D:4      | Noticed Natasha
  4245 | D:4      | Killed Natasha
  4373 | D:4      | Found a runed translucent door.
  4374 | D:4      | Noticed Crazy Yiuf
  4544 | D:4      | Noticed Natasha
  4550 | D:4      | Killed Natasha
  4612 | D:4      | Killed Crazy Yiuf
  4708 | D:3      | Reached ***** piety under Cheibriados
  4958 | D:3      | Learned a level 5 spell: Blade Hands
  5083 | D:7      | Reached skill level 9 in Unarmed Combat
  5140 | D:7      | Reached skill level 5 in Fighting
  5471 | D:7      | Reached XP level 10. HP: 81/96 MP: 14/14
  5696 | D:7      | Reached skill level 10 in Unarmed Combat
  6040 | D:8      | Reached ****** piety under Cheibriados
  6055 | D:8      | Identified the +4 spear "Offyn" {vorpal, rN+}
  6903 | D:8      | Reached skill level 5 in Transmutations
  7119 | D:8      | Reached skill level 1 in Shields
  7327 | D:9      | Found Buefu's Weapon Shoppe.
  7327 | D:9      | Found a staircase to the Orcish Mines.
  7747 | D:9      | Reached skill level 1 in Armour
  8231 | D:10     | Entered Level 10 of the Dungeon
  8285 | D:10     | Reached XP level 11. HP: 105/105 MP: 16/16
  8508 | D:10     | Reached skill level 11 in Unarmed Combat
  8508 | D:10     | Reached skill level 5 in Invocations
  8533 | D:10     | Found an opulent altar of Gozag.
  8556 | D:10     | Found a staircase to the Lair.
  8730 | D:10     | Found a blossoming altar of Fedhas.
  8744 | D:10     | Found a stormy altar of Qazlal.
  8834 | D:10     | Noticed Gastronok
  8850 | D:10     | Killed Gastronok
  9006 | D:11     | Noticed Grum
  9011 | D:11     | Killed Grum
  9030 | D:11     | Noticed Josephine
  9037 | D:11     | Killed Josephine
  9062 | D:11     | Found a hide-covered altar of Uskayaw.
  9068 | D:11     | Found a gate leading to a gauntlet.
  9094 | D:11     | Found Isaosemo's Weapon Emporium.
  9138 | Gauntlet | Entered a Gauntlet
  9138 | Gauntlet | Found a transporter.
  9138 | Gauntlet | Found a transporter.
  9139 | Gauntlet | Noticed a wizard
  9159 | Gauntlet | Found a transporter.
  9160 | Gauntlet | Found a transporter.
  9171 | Gauntlet | Found a transporter.
  9172 | Gauntlet | Found a transporter.
  9176 | Gauntlet | Noticed a hell beast
  9181 | Gauntlet | Found a transporter.
  9197 | Gauntlet | Found a transporter.
  9211 | Gauntlet | Found a transporter.
  9215 | Gauntlet | Found a transporter.
  9217 | Gauntlet | Found a runed translucent gate.
  9217 | Gauntlet | Found a runed translucent gate.
  9217 | Gauntlet | Found a runed translucent gate.
  9223 | Gauntlet | Found a transporter.
  9227 | Gauntlet | Found a transporter.
  9332 | Gauntlet | Identified the ring of the Pariah {rPois rN+ MP-9 Str+3}
  9363 | Gauntlet | Killed a hell beast
  9368 | Gauntlet | Identified the +1 cloak "Teggeol" {rPois SInv}
  9422 | Gauntlet | Noticed a minotaur
  9422 | Gauntlet | Found the ring of the Octopus King
  9432 | Gauntlet | Killed a minotaur
  9433 | Gauntlet | Reached XP level 12. HP: 59/115 MP: 17/17
  9451 | Gauntlet | Identified a ring of the Octopus King {HP+2 AC+2 EV+2 SH+2
                  | SInv}
  9539 | D:11     | Noticed a five-headed hydra
  9544 | D:11     | Killed a five-headed hydra
  9652 | D:11     | Reached skill level 5 in Shields
 10111 | D:12     | Reached skill level 12 in Unarmed Combat
 10314 | D:12     | Identified the +2 leather armour "Ejaeg" {rPois}
 10857 | D:13     | Found Muwomeful's Antique Weapon Emporium.
 10860 | D:13     | Noticed a centaur warrior
 10864 | D:13     | Killed a centaur warrior
 10914 | D:13     | Found a gate to the Vaults.
 10914 | D:13     | Noticed a vault guard
 10914 | D:13     | Noticed a vault guard
 10914 | D:13     | Noticed a vault guard
 10914 | D:13     | Noticed a vault guard
 10914 | D:13     | Noticed a centaur warrior
 10919 | D:13     | Killed a centaur warrior
 10920 | D:13     | Reached skill level 5 in Dodging
 10927 | D:13     | Killed a vault guard
 10929 | D:13     | Killed a vault guard
 10931 | D:13     | Killed a vault guard
 10937 | D:13     | Killed a vault guard
 11239 | D:13     | Noticed a centaur warrior
 11249 | D:13     | Killed a centaur warrior
 11394 | D:13     | Learned a level 2 spell: Passwall
 11453 | D:14     | Reached XP level 13. HP: 124/124 MP: 18/18
 11701 | D:14     | Noticed Agnes
 11724 | D:14     | HP: 3/129 [Agnes/+6 lajatang of venom (29)]
 11833 | D:14     | Found Wuojial's Antique Weapon Emporium.
 12466 | D:14     | Noticed Louise
 12481 | D:14     | Killed Louise
 12692 | D:14     | Killed Agnes
 12803 | D:15     | Entered Level 15 of the Dungeon
 12808 | D:15     | Reached skill level 1 in Earth Magic
 12903 | D:15     | Found a transporter.
 12911 | D:15     | Noticed a starcursed mass
 12916 | D:15     | Noticed a cacodemon
 12978 | D:15     | Found a one-way gate to the infinite horrors of the Abyss.
 13003 | D:15     | Found a transporter.
 13253 | D:15     | Reached XP level 14. HP: 118/136 MP: 17/19
 13271 | D:15     | HP: 3/138 [brown ugly thing (illusionary) (6)]
 13271 | D:15     | Splashed by a brown ugly thing (illusionary)'s acid

Illustrated notes

Levels and vault maps discovered:
D:1:      pf_arrival_petrified_forest, layout_loops_corners
D:2:      layout_basic, hellmonk_ecumenical_altar_arch_garden
D:3:      layout_basic
D:4:      layout_rooms, kennysheep_generic_room_11, uniq_duvessa, uniq_natasha,
          uniq_eustachio, uniq_crazy_yiuf_cottage
D:5:      minmay_goblin_kobold_castle, layout_basic, minitemple,
          cheibrodos_sewer_entry_sluice, gup_ossuary_entry_pyramid,
          serial_shops, kennysheep_mini_moat, shop_statue, uniq_sigmund
D:6:      layout_basic, grunt_dithmenos_shadows, temple_pool_b, uniq_menkaure,
          uniq_grinder
D:7:      layout_basic, hangedman_misty_isle
D:8:      lemuel_ratsnest, layout_loops_corners, minmay_misc_feat_encased,
          minmay_manual_mail
D:9:      nicolae_whirlpool, layout_gridville, orc_david_3
D:10:     layout_irregular_city, grunt_temple_overflow_forces_of_nature,
          lemuel_coloured_pillars_altar, grunt_lair_entry_orc_guard_hut,
          uniq_gastronok
D:11:     layout_long_grid, gauntlet_entry_generic, serial_shops,
          nicolae_shop_advertising_works [nicolae_subvault_shop_adworks],
          dancing_weapons_uskayaw, uniq_josephine, uniq_grum
D:12:     layout_loops_cross, minmay_microvault
D:13:     layout_basic, lightli_vaults_fourway_checkpoint, serial_glass,
          glass_columns_a, glass_columns_b, serial_shops, shop
D:14:     layout_small_grid, minivault_26, serial_shops,
          nicolae_shop_window_shopping, grunt_ministairs_13, uniq_agnes,
          uniq_louise
D:15:     gammafunk_enter_depths_forms, layout_rooms,
          gammafunk_ghost_abyssal_escape, chequers_jeans
Temple:   cyrus_circular_temple

Skill      XL: |  1  2  3  4  5  6  7  8  9 10 11 12 13 |
---------------+----------------------------------------+-----
Fighting       | 1 2 3 4 5 6 7 8 |  8.2
Unarmed Combat | 4 5 6 8 9 10 11 12 | 12.2
Dodging        | 2 3 4 5 6 |  6.3
Transmutations | 2 3 4 5 6 8 |  8.2
Spellcasting   | 2 3 4 |  4.2
Invocations    | 1 3 4 5 6 8 |  8.0
Shields        | 2 4 7 8 |  8.3
Armour         | 1 3 |  3.6
Earth Magic    | 1 |  1.9

Action                   |  1- 3 |  4- 6 |  7- 9 | 10-12 | 13-15 || total
-------------------------+-------+-------+-------+-------+-------++-------
Melee: Unarmed           |    70 |    67 |   502 |   528 |   258 ||  1425
       Punch             |     1 |     3 |    10 |     7 |       ||    21
       Kick              |       |       |       |     5 |    41 ||    46
       Headbutt          |       |       |       |     3 |    27 ||    30
Throw: Dart              |       |       |       |     2 |     2 ||     4
 Cast: Beastly Appendage |       |       |       |     1 |     3 ||     4
       Wereblood         |       |       |       |     1 |     3 ||     4
Invok: Slouch            |       |       |       |     2 |       ||     2
Evoke: Wand              |       |       |       |    10 |     2 ||    12
  Use: Scroll            |     8 |       |     8 |     9 |     6 ||    31
       Potion            |       |     1 |       |     2 |     3 ||     6
 Stab: Sleeping          |       |       |     3 |     3 |     1 ||     7
Armor: Robe              |    15 |    29 |   281 |    45 |       ||   370
       Steam dragon scal |       |       |       |    30 |       ||    30
       Acid dragon scale |       |       |       |   194 |    28 ||   222
       Skin              |       |       |       |     2 |    20 ||    22
Dodge: Dodged            |    23 |    20 |   317 |   326 |    63 ||   749
Block: Kite shield       |       |       |       |   429 |    94 ||   523
       Tower shield      |       |       |       |       |    99 ||    99

Table legend: (Time is in decaauts)
 A = Elapsed time spent in this place.
 B = Non-inter-level travel time spent in this place.
 C = Inter-level travel time spent in this place.
 D = Time resting spent in this place.
 E = Time spent auto-exploring this place.
 F = Levels seen in this place.
 G = Mean time per level.
                   A        B        C        D        E       F      G
               +--------+--------+--------+--------+--------+-----+--------+
         Total |  19967 |  18712 |   1255 |   1761 |  12558 |  18 | 1109.3 |
       Dungeon |  19093 |  17848 |   1245 |   1706 |  12312 |  15 | 1272.9 |
        Temple |     20 |     10 |     10 |      0 |      0 |   1 |   20.0 |
       Ossuary |    315 |    315 |      0 |     16 |     38 |   1 |  315.0 |
      Gauntlet |    537 |    537 |      0 |     39 |    208 |   1 |  537.0 |
               +--------+--------+--------+--------+--------+-----+--------+

Top non-repeatable levels by time:
     D:8: 1971 daAuts
    D:14: 1936 daAuts
     D:9: 1858 daAuts
     D:7: 1511 daAuts
     D:5: 1452 daAuts
    D:12: 1445 daAuts
    D:10: 1312 daAuts
    D:13: 1190 daAuts
     D:4: 1180 daAuts
    D:11: 1169 daAuts
     D:6: 1034 daAuts
     D:3: 915 daAuts
     D:1: 815 daAuts
    D:15: 682 daAuts
     D:2: 616 daAuts
